 Dungeon Crawl Stone Soup version 0.30-b1-2-g02819fbbbe (webtiles) character file.

Game seed: 5314126850787065303

147 sanka the Vexing (level 4, 0/33 HPs)
             Began as a Demigod Enchanter on May 17, 2023.
             Slain by an orc wizard
             ... wielding a +0 dagger
              (3 damage)
             ... on level 2 of the Dungeon.
             The game lasted 00:06:11 (2450 turns).

sanka the Vexing (Demigod Enchanter)                Turns: 2450, Time: 00:06:12

Health: 0/33       AC:  3    Str:  9    XL:     4   Next: 80%
Magic:  8/11       EV: 12    Int: 21    God:
Gold:   75         SH:  0    Dex: 14    Spells: 6/9 levels left

rFire   . . .        y - +0 morningstar
rCold   . . .        (no shield)
rNeg    . . .        b - +0 robe
rPois   .            s - +0 helmet
rElec   .            (no cloak)
rCorr   +            (no gloves)
SInv    .            (no boots)
Will    .....        (no amulet)
Stlth   ++           t - ring of resist corrosion
HPRegen 0.25/turn    (no ring)
MPRegen 0.12/turn

%: no passive effects
@: confusing by touch
A: high MP 1, forlorn, divine attributes
a: no special abilities


You were on level 2 of the Dungeon.
You visited 1 branch of the dungeon, and saw 3 of its levels.

You collected 75 gold pieces.

Inventory:

Hand Weapons
 a - a +1 dagger
 j - a +4 whip
 w - a +0 flail
 y - a +0 morningstar (weapon)
 A - a +0 quarterstaff
Armour
 b - a +0 robe (worn)
 s - a +0 helmet (worn)
Jewellery
 t - a ring of resist corrosion (left hand)
Scrolls
 f - 2 scrolls of noise {unknown}
 g - a scroll of amnesia {unknown}
 i - a scroll of torment {unknown}
 m - 2 scrolls of fear {unknown}
 o - 3 scrolls of teleportation {unknown}
 u - a scroll of identify {unknown}
 v - a scroll of vulnerability {unknown}
 z - a scroll of enchant armour {unknown}
 B - a scroll of poison {unknown}
Potions
 c - 2 potions of invisibility
 d - a potion of curing {unknown}
 e - 2 potions of degeneration {unknown}
 h - a potion of might
 k - a potion of magic {unknown}
 l - 2 potions of mutation {unknown}
 n - 3 potions of heal wounds {unknown}
 p - 2 potions of brilliance {unknown}
 q - a potion of ambrosia {unknown}
 r - 2 potions of cancellation {unknown}
 x - a potion of attraction {unknown}


   Skills:
 - Level 0.8 Short Blades
 - Level 1.7 Dodging
 - Level 2.6 Stealth
 - Level 3.0 Spellcasting
 + Level 4.5 Hexes


You had 6 spell levels left.
You knew the following spells:

 Your Spells              Type           Power      Damage    Failure   Level
a - Confusing Touch       Hex            22%        N/A       6%          3

Your spell library contained the following spells:

 Spells                   Type           Power      Damage    Failure   Level
 Tukima's Dance           Hex            22%        N/A       6%          3
 Ensorcelled Hibernation  Hex/Ice        24%        N/A       8%          2
 Dazzling Flash           Conj/Hex       24%        N/A       16%         3


Dungeon Overview and Level Annotations

Branches:
Dungeon (3/15)


Innate Abilities, Weirdness & Mutations

You have an increased reservoir of magic. (+10% MP)
You shall have no god before yourself.
Your divine heritage dramatically boosts your attributes as you level up.


Message History

A puff of flame appears from out of thin air!
The puff of flame hits you.
You hit something. Something hits you.
A worm comes into view.
You closely miss something.
You hear some strange, mumbled words.
Something tries to affect you, but you resist.
Something hits you. Something hits you.
* * * LOW HITPOINT WARNING * * *
The orc wizard attacks as you move away!
The orc wizard barely misses you.
You hear some strange, mumbled words.
Something tries to affect you, but you resist.
There is a stone staircase leading up, spattered with blood here.
The orc wizard hits you but does no damage.
You climb upwards.
Reactivating autopickup.
There is a stone staircase leading down, spattered with blood here.
Unknown command.
Casting: Confusing Touch (dangerous; 6% risk of failure)
Confirm with . or Enter, or press ? or * to list all spells.
Your hands begin to glow red.
The orc wizard misses you.
You closely miss the orc wizard.
The orc wizard points at you and mumbles some strange words.
You resist with some effort.
You miss the orc wizard.
The orc wizard hits you but does no damage.
The orc wizard mumbles some strange words.
The orc wizard flickers and vanishes!
Deactivating autopickup; reactivate with Ctrl-A.
You barely miss something.
You hear some strange, mumbled words.
A puff of flame appears from out of thin air!
The puff of flame hits you.
* * * LOW HITPOINT WARNING * * *
You miss something. Something hits you.
* * * LOW HITPOINT WARNING * * *
Something hits you.
You die...

..####.#
#.....................#
#...##.#
#.....................#
###....#
#.............).......#
###..##
##............[.......#
##..#####...#................
#.....# #...#.#..............
#.....###.......).........###
#...........[..#)###..#####
#####.###...@{).........#
#..##...#...........#####
##.##...##.............)#
#####..#...##..........###.#
#### #..........######...####
#.. ...###.####.##### ##..###
#.. .......# #.## ##.<..# #..
...##### #..#### #..##.####..
...# ##....# #.###.......


There were no monsters in sight!

Vanquished Creatures
  An orc wizard (D:3)
  3 gnolls
  An adder (D:2)
  4 dart slugs
  4 orcs
  3 endoplasms
  4 giant cockroaches
  7 goblins
  9 hobgoblins
  3 jackals (D:2)
  A quokka (D:3)
  8 ball pythons
  4 bats
  4 frilled lizards
  6 kobolds
  12 rats
74 creatures vanquished.

Notes
Turn   | Place    | Note
-------+----------+-------------------------------------------
     0 | D:1      | sanka the Demigod Enchanter began the quest for the Orb.
     0 | D:1      | Reached XP level 1. HP: 14/14 MP: 5/5
   134 | D:1      | Reached skill level 3 in Hexes
   154 | D:1      | Reached XP level 2. HP: 13/20 MP: 5/7
   703 | D:2      | Reached XP level 3. HP: 24/26 MP: 9/9
   709 | D:2      | Learned a level 3 spell: Confusing Touch
  1567 | D:3      | Reached XP level 4. HP: 24/33 MP: 9/11
  1692 | D:3      | Reached skill level 4 in Hexes
  2280 | D:2      | HP: 1/33 [orc/+0 dagger (3)]
  2450 | D:2      | Slain by an orc wizard

Illustrated notes

Levels and vault maps discovered:
D:1:      mrwooster_arrival_statue_2, layout_rooms, minmay_tripent
D:2:      layout_rooms
D:3:      layout_basic, lemuel_round_altar, serial_glass, glass_columns_a,
          glass_columns_a, minmay_strange_pillars, item_on_display_a,
          minmay_strange_pillars, feat_on_display

Skill      XL: |  1  2  3  4 |
---------------+-------------+-----
Spellcasting   | 2 3 |  3.0
Hexes          | 3 4 |  4.5
Short Blades   | |  0.8
Dodging        | |  1.7
Stealth        | |  2.6

Action                     |  1- 3 |  4- 6 || total
---------------------------+-------+-------++-------
  Melee: Dagger            |    66 |       ||    66
         Whip              |    80 |       ||    80
         Flail             |     9 |    28 ||    37
         Punch             |     1 |       ||     1
         Morningstar       |       |    70 ||    70
   Cast: Confusing Touch   |     2 |     7 ||     9
   Stab: Sleeping          |    11 |       ||    11
         Confused          |     3 |     1 ||     4
 Armour: Robe              |    28 |    24 ||    52
  Dodge: Dodged            |    96 |    74 ||   170
